 Dungeon Sprint DCSS version 0.30-a0-760-g5a9884bb7c (webtiles) character file.

Game seed: 13282531846965713686

30573 PLAYERX the Conqueror (level 13, -4/159 HPs)
             Began as a Minotaur Monk on Feb 10, 2023.
             Was the Champion of Makhleb.
             Killed from afar by a hell hog (10 damage)
             ... with a fireball
             ... in the Dungeon (Sprint V: "Ziggurat Sprint") on Feb 11, 2023.
             The game lasted 00:38:44 (1082 turns).

PLAYERX the Conqueror (Minotaur Monk)               Turns: 1082, Time: 00:38:44

Health: -4/159     AC: 37    Str: 25    XL:     13   Next: 21%
Magic:  16/16      EV:  4    Int:  7    God:    Makhleb [******]
Gold:   0          SH: 31    Dex: 13    Spells: 12/12 levels left

rFire   + + .      SeeInvis .    j - +11 Screaming Sword {sonic wave}
rCold   . . .      Faith    .    b - +18 shield of the Gong {Loud rN+ Will+ rCorr EV-5}
rNeg    + + .      Spirit   .    a - +15 Maxwell's patent armour {-Cast -Tele rElec Will+ rCorr}
rPois   +          Reflect  .    (helmet restricted)
rElec   +          Harm     .    F - +2 cloak {Will+}
rCorr   +          Rampage  .    (no gloves)
Will    +++..      NoTele   +    (no boots) Stlth NoCast +
                                 (no amulet)
HPRegen 0.46/turn                E - ring of fire
MPRegen 0.15/turn                O - ring "Liul" {rN+ Str+4 Slay+4}

@: resistant, studying Axes
A: horns 2, retaliatory headbutt
a: Renounce Religion, Minor Destruction, Lesser Servant of Makhleb, Major
Destruction, Greater Servant of Makhleb


You were in the Dungeon.
You worshipped Makhleb.
Makhleb was exalted by your worship.
You visited 1 branch

Inventory:

Hand Weapons
 j - the +11 Screaming Sword (weapon) {sonic wave}
   (You found it in the Dungeon)
Armour
 a - the +15 Maxwell's patent armour (worn) {-Cast -Tele rElec Will+ rCorr}
   (You found it in the Dungeon)

   rElec:     It insulates you from electricity.
   -Cast:     It prevents spellcasting.
   -Tele:     It prevents most forms of teleportation.
   rCorr:     It protects you from acid and corrosion.
   Will:      It increases your willpower.
 b - the +18 shield of the Gong (worn) {Loud rN+ Will+ rCorr EV-5}
   (You found it in the Dungeon)

   Loud:      It is deafeningly noisy when blocking attacks.
   EV:        It affects your evasion (-5).
   rN:        It protects you from negative energy.
   rCorr:     It protects you from acid and corrosion.
   Will:      It increases your willpower.
 F - a +2 cloak of willpower (worn)
Jewellery
 k - a ring of flight
 q - a +6 ring of strength
 z - the ring of Ehicuugu {rElec rN+}
   (You found it in the Dungeon)

   [ring of positive energy]

   rElec:     It insulates you from electricity.
   rN:        It protects you from negative energy.
 B - a +5 ring of evasion
 E - a ring of fire (left hand)
 I - a ring of positive energy
 J - a ring of poison resistance
 K - a ring of willpower
 O - the ring "Liul" (right hand) {rN+ Str+4 Slay+4}
   (You found it in the Dungeon)

   [ring of slaying]

   Str:       It affects your strength (+4).
   Slay:      It affects your accuracy & damage with ranged weapons and melee
   (+4).
   rN:        It protects you from negative energy.
 T - the amulet of Roruiry {Spirit +Inv}
   (You found it in the Dungeon)

   [amulet of guardian spirit]

   It causes incoming damage to be divided between your reserves of health and
   magic.
   +Inv:      It lets you turn invisible.
Wands
 m - a wand of mindburst (7)
 n - a wand of quicksilver (7)
Scrolls
 i - 4 scrolls of blinking
 v - 4 scrolls of amnesia
 w - 6 scrolls of fog
 x - 5 scrolls of identify
 y - 2 scrolls of fear
 L - a scroll of brand weapon
Potions
 c - a potion of ambrosia
 d - 10 potions of curing
 e - 2 potions of heal wounds
 f - 5 potions of haste
 g - 7 potions of magic
 h - 3 potions of berserk rage
 o - 2 potions of brilliance
 r - 2 potions of invisibility
 s - 2 potions of resistance
 u - 4 potions of might
Miscellaneous
 l - a lightning rod (4/4)
 t - a tin of tremorstones (1/2)
 C - a box of beasts
 D - a condenser vane
 G - a phial of floods
 Q - a phantom mirror (inert)
 R - a piece from Xom's chessboard (15/15)


   Skills:
 O Level 27 Fighting
 - Level 18.0 Long Blades
 + Level 19.2 Armour
 - Level 4.8 Dodging
 - Level 1.5 Stealth
 + Level 15.2 Shields
 + Level 6.0 Invocations
 + Level 5.5 Evocations


You had 12 spell levels left.
You didn't know any spells.
Your spell library contained the following spells:

 Spells                   Type           Power      Damage    Failure   Level
 Foxfire                  Conj/Fire      0%         2x1d4     99%         1
 Slow                     Hex            0%         N/A       99%         1
 Sting                    Tmut/Pois      0%         1d3       99%         1
 Summon Small Mammal      Summ           0%         N/A       99%         1
 Blink                    Tloc           0%         N/A       100%        2
 Cigotuvi's Dreadful Rot  Necr/Pois/Air  0%         N/A       100%        2
 Lesser Beckoning         Tloc           0%         N/A       100%        2
 Momentum Strike          Conj/Tloc      0%         3d8       100%        2
 Poisonous Vapours        Pois/Air       0%         N/A       100%        2
 Sublimation of Blood     Necr           0%         N/A       100%        2
 Call Canine Familiar     Summ           0%         N/A       100%        3
 Confusing Touch          Hex            0%         N/A       100%        3
 Ignite Poison            Fire/Tmut/Pois 0%         N/A       100%        3
 Inner Flame              Hex/Fire       0%         N/A       100%        3
 Kindle Blastsparks       Fire/Tloc/Air  0%         2d10      100%        3
 Mephitic Cloud           Conj/Pois/Air  0%         N/A       100%        3
 Portal Projectile        Hex/Tloc       0%         N/A       100%        3
 Vampiric Draining        Necr           0%         2d6       100%        3
 Fulminant Prism          Conj/Hex       0%         3d5       100%        4
 Iskenderun's Mystic Bla  Conj/Tloc      0%         2d3       100%        4
 Leda's Liquefaction      Hex/Erth       0%         N/A       100%        4
 Petrify                  Tmut/Erth      0%         N/A       100%        4
 Summon Ice Beast         Ice/Summ       0%         N/A       100%        4
 Summon Lightning Spire   Summ/Air       0%         N/A       100%        4
 Fireball                 Conj/Fire      0%         3d3       100%        5
 Freezing Cloud           Conj/Ice/Air   0%         6-21      100%        5
 Irradiate                Conj/Tmut      0%         3d11      100%        5
 Lee's Rapid Deconstruct  Erth           0%         3d4*      100%        5
 Summon Forest            Summ/Tloc      0%         N/A       100%        5
 Summon Mana Viper        Hex/Summ       0%         N/A       100%        5
 Yara's Violent Unravell  Hex/Tmut       0%         3d3       100%        5
 Starburst                Conj/Fire      0%         6d3       100%        6
 Statue Form              Tmut/Erth      0%         N/A       100%        6
 Summon Cactus Giant      Summ           0%         N/A       100%        6
 Enfeeble                 Hex            0%         N/A       100%        7
 Monstrous Menagerie      Summ           0%         N/A       100%        7
 Storm Form               Tmut/Air       0%         N/A       100%        7
 Maxwell's Capacitive Co  Air            0%         ∞         100%        8
 Chain Lightning          Conj/Air       0%         N/A       100%        9
 Fire Storm               Conj/Fire      0%         5d1       100%        9
 Shatter                  Erth           0%         3d5*      100%        9


Dungeon Overview and Level Annotations

Branches:
Dungeon (1/1)

Altars:
Ashenzari
Cheibriados
Dithmenos
Elyvilon
Fedhas
Gozag
Hepliaklqana
Kikubaaqudgha
Makhleb
Nemelex Xobeh
Okawaru
Qazlal
Ru
Sif Muna
Trog
Uskayaw
Vehumet
Wu Jian
Xom
Yredelemnul
Zin
The Shining One
Jiyva
Lugonu


Innate Abilities, Weirdness & Mutations

You have a pair of horns on your head.
You reflexively headbutt those who attack you in melee.


Message History

Your balrug freezes the hell hog.
The hell hog dies!
Makhleb accepts your kill. You block the balrug's attack.
SHROANNG!
Your condenser vane has recharged.
Your Invocations skill increases to level 6!
Really attack near your balrug?
You slice the searing wretch!! You headbutt the searing wretch!!
The searing wretch is heavily damaged.
You block the hell hog's attack.
GONNNNG!
The balrug gestures at you.
The fireball explodes!
The fireball engulfs you! You resist.
* * * LOW HITPOINT WARNING * * *
The fireball engulfs the searing wretch.
The searing wretch completely resists.
The fireball engulfs the hell hog.
The hell hog completely resists.
The fireball engulfs the balrug.
The balrug completely resists.
The fireball engulfs the searing wretch.
The searing wretch completely resists.
The fireball engulfs your balrug.
Your balrug completely resists.
The fireball engulfs the hell hog.
The hell hog completely resists.
The fireball engulfs the balrug.
The balrug completely resists.
Your balrug hits the balrug with a +2 demon whip of freezing!
The balrug is engulfed in flames.
The balrug completely resists.
Your balrug freezes the balrug!
You block the balrug's attack.
SHROANNG!
The searing wretch completely misses you.
You furiously retaliate!
You headbutt the searing wretch!!
The searing wretch claws you but does no damage.
The searing wretch bites you but does no damage.
Really attack near your balrug? [Y]es or [N]o only, please.
Really attack near your balrug?
Okay, then.
You feel protected.
The hell hog breathes fire at your balrug.
The fireball explodes!
The fireball engulfs you! You resist.
You die...

▓....).)..
▓..}:§§h§§|=..▓....).)..
▓...§§§.§§§§..▓...))()..
▓...§§§.§§§§..▓...(.)...
▓...§☼§.§§§§..▓.........
▓....§§§h§§§..▓..▓.....▓
▓....§☼n1h§...▓.........
▓....nhnhn....▓.....©...
▓..▓.hn@2§.▓..▓▓▓▓▓▓▓▓▓▓
▓....§§22.§...▓...~8©8..
▓....§§§......▓.~~)~|[~[
▓......©......▓.~~}~~|~.
▓▓▓▓▓▓▓▓▓▓▓▓▓▓▓.~..~~..~
▓.~...)).~ ▓~..)÷.)..
▓.~.~÷~[~. ▓...)~~~..


You could see 5 searing wretches, a Brimstone Fiend, 2 balrugs, 5 hell hogs and
a friendly balrug (summoned, drained).

Vanquished Creatures
  A pandemonium lord (D)
  3 shadow dragons (D)
  A daeva (D)
  2 fire giants (D)
  An angel (D)
  A ghoul (D)
  A stone giant (D)
  2 apis (D)
  A merfolk impaler (D)
  A great orb of eyes (D)
  A peacekeeper (D)
  An anaconda (D)
  2 merfolk aquamancers (D)
  7 soul eaters (D)
  A sixfirhy (D)
  A cherub (D)
  2 sea snakes (D)
  2 orc knights (D)
  2 orc sorcerers (D)
  A cyclops (D)
  A manticore (D)
  2 rust devils (D)
  2 black mambas (D)
  A guardian serpent (D)
  A vault sentinel (D)
  A water nymph (D)
  2 yaktaurs (D)
  3 rime drakes (D)
  6 merfolk (D)
  A hellwing (D)
  2 snapping turtles (D)
  A slime creature (D)
  A wyvern (D)
  A yak (D)
  2 fire elementals (D)
  A chaos spawn (D)
  2 steam dragons (D)
  3 nagas (D)
  An acid dragon (D)
  2 hell hounds (D)
  A water moccasin (D)
  3 orc warriors (D)
  A swamp drake (D)
  2 ogres (D)
  2 wolves (D)
  A bullfrog (D)
  A necrophage (D)
  A crimson imp (D)
  2 orc priests (D)
  An iron imp (D)
  5 orc wizards (D)
  2 adders (D)
  4 shadow imps (D)
  3 white imps (D)
  3 ufetubi (D)
  2 adder skeletons (D)
  2 spectral bats (D)
  3 bat skeletons (D)
  A bat zombie (D)
  2 jackals (D)
  A ball python (D)
  2 ball python zombies (D)
  A quokka skeleton (D)
  2 spectral ball pythons (D)
  A spectral giant cockroach (D)
  2 spectral quokkas (D)
  A fire vortex (D)
122 creatures vanquished.

Vanquished Creatures (collateral kills)
  A hell hog (D)
1 creature vanquished.

Vanquished Creatures (others)
  A fire giant (D)
1 creature vanquished.

Grand Total: 124 creatures vanquished

Notes
Turn   | Place    | Note
-------+----------+-------------------------------------------
     0 | D        | PLAYERX the Minotaur Monk began the quest for the Orb.
     0 | D        | Reached XP level 1. HP: 19/19 MP: 0/0
    23 | D        | Found a blossoming altar of Fedhas.
    23 | D        | Found the +6 Majin-Bo {spellvamp, MP+6 Int+6}
    23 | D        | Found the +27 heavy crossbow "Sniper" {heavy, Acc+∞ SInv}
    23 | D        | Found the +10 dark maul {heavy}
    23 | D        | Found the +15 Maxwell's patent armour {-Cast -Tele rElec
                  | Will+ rCorr}
    23 | D        | Found the +18 shield of the Gong {Loud rN+ Will+ rCorr
                  | EV-5}
    23 | D        | Found the +16 obsidian axe {drain, demonic, Mesm Drain Fly
                  | SInv}
    23 | D        | Found the +7 great mace "Firestarter" {flame, inner flame,
                  | rFlCloud rF++}
    23 | D        | Found the +6 shillelagh "Devastator" {shatter}
    23 | D        | Found the +11 plutonium sword {Contam Stlth-}
    23 | D        | Found the +8 lance "Wyrmbane" {slay drac, rPois rF+ rC+
                  | AC+3}
    23 | D        | Found the +9 sword of Zonguldrok {reap}
    23 | D        | Found the +13 scythe of Curses {drain, curses, Drain}
    23 | D        | Found the +9 sword of Power {lifebolt}
    23 | D        | Found the +7 mace of Variability {chaos, chain chaos}
    23 | D        | Found the +11 Singing Sword {sonic wave}
    23 | D        | Found the +8 storm bow {elec, penet}
    24 | D        | Found a viscous altar of Jiyva.
    24 | D        | Found a transporter.
    24 | D        | Found a hazy altar of Hepliaklqana.
    24 | D        | Found an ancient bone altar of Kikubaaqudgha.
    24 | D        | Found an opulent altar of Gozag.
    24 | D        | Found a corrupted altar of Lugonu.
    27 | D        | Found a burning altar of Makhleb.
    28 | D        | Found a stormy altar of Qazlal.
    28 | D        | Found a sacrificial altar of Ru.
    28 | D        | Found an iron altar of Okawaru.
    28 | D        | Found a shimmering blue altar of Sif Muna.
    28 | D        | Found a sparkling altar of Nemelex Xobeh.
    28 | D        | Found a bloodstained altar of Trog.
    55 | D        | Became a worshipper of Makhleb the Destroyer
    55 | D        | Reached * piety under Makhleb
    55 | D        | Reached ** piety under Makhleb
    90 | D        | Reached skill level 5 in Fighting
    90 | D        | Reached skill level 5 in Long Blades
    90 | D        | Reached skill level 5 in Armour
    90 | D        | Reached XP level 2. HP: 29/29 MP: 1/1
   108 | D        | Entered arena 2.
   108 | D        | Noticed a necrophage
   108 | D        | Found a transporter.
   111 | D        | Killed a necrophage
   112 | D        | Reached skill level 6 in Fighting
   112 | D        | Reached XP level 3. HP: 36/38 MP: 2/2
   113 | D        | Reached skill level 5 in Shields
   117 | D        | Entered arena 3.
   117 | D        | Noticed a merfolk
   117 | D        | Noticed a merfolk
   117 | D        | Noticed a merfolk
   117 | D        | Found a transporter.
   130 | D        | Killed a merfolk
   130 | D        | Killed a merfolk
   130 | D        | Reached *** piety under Makhleb
   131 | D        | Reached skill level 9 in Fighting
   131 | D        | Reached XP level 4. HP: 38/50 MP: 3/3
   131 | D        | Reached XP level 5. HP: 44/57 MP: 4/4
   131 | D        | Reached XP level 6. HP: 49/64 MP: 5/5
   133 | D        | Killed a merfolk
   134 | D        | Reached skill level 10 in Fighting
   134 | D        | Reached skill level 10 in Long Blades
   134 | D        | Reached skill level 10 in Armour
   134 | D        | Reached XP level 7. HP: 57/73 MP: 6/6
   143 | D        | Entered arena 4.
   143 | D        | Noticed a fire elemental
   143 | D        | Found a transporter.
   146 | D        | Killed a fire elemental
   147 | D        | Reached skill level 10 in Shields
   147 | D        | Reached **** piety under Makhleb
   148 | D        | Reached skill level 11 in Fighting
   148 | D        | Reached XP level 8. HP: 74/82 MP: 7/7
   151 | D        | Got the ring of Ehicuugu {rElec rN+}
   168 | D        | Entered arena 5.
   168 | D        | Found a transporter.
   186 | D        | Entered arena 6.
   186 | D        | Found a transporter.
   190 | D        | Reached ***** piety under Makhleb
   209 | D        | Got the Catalogue of Congregated Anthracomancy
   226 | D        | Entered arena 7.
   226 | D        | Noticed a peacekeeper
   226 | D        | Noticed a yaktaur
   226 | D        | Noticed a slime creature
   226 | D        | Noticed a yaktaur
   226 | D        | Noticed a vault sentinel
   226 | D        | Noticed a great orb of eyes
   229 | D        | Found a transporter.
   233 | D        | Killed a yaktaur
   233 | D        | Killed a vault sentinel
   234 | D        | Reached skill level 12 in Fighting
   234 | D        | Killed a slime creature
   234 | D        | Killed a yaktaur
   235 | D        | Reached skill level 13 in Fighting
   235 | D        | Reached XP level 9. HP: 76/93 MP: 5/8
   235 | D        | Killed a great orb of eyes
   235 | D        | Reached ****** piety under Makhleb
   238 | D        | Killed a peacekeeper
   239 | D        | Reached skill level 14 in Fighting
   268 | D        | Entered arena 8.
   268 | D        | Found the +7 lajatang of Order {silver, rMut}
   269 | D        | Found a transporter.
   285 | D        | Reached XP level 10. HP: 102/104 MP: 7/9
   304 | D        | Entered arena 9.
   304 | D        | Noticed a rust devil
   304 | D        | Noticed a rust devil
   304 | D        | Noticed Cicvi the pandemonium lord
   316 | D        | Killed Cicvi the pandemonium lord
   317 | D        | Reached skill level 15 in Fighting
   317 | D        | Reached skill level 15 in Long Blades
   317 | D        | Reached skill level 15 in Armour
   318 | D        | Killed a rust devil
   319 | D        | Killed a rust devil
   320 | D        | Found a transporter.
   352 | D        | Entered arena 10.
   352 | D        | Found the dreamshard necklace {*Dream Drain}
   354 | D        | Found a transporter.
   358 | D        | Reached skill level 16 in Fighting
   392 | D        | Entered arena 11.
   392 | D        | Noticed a soul eater
   392 | D        | Noticed a sixfirhy
   393 | D        | Found a transporter.
   397 | D        | Killed a sixfirhy
   398 | D        | Reached XP level 11. HP: 116/116 MP: 10/10
   399 | D        | Reached skill level 17 in Fighting
   400 | D        | Killed a soul eater
   414 | D        | Got Sif Muna's Compendium of Imprecation
   421 | D        | Entered arena 12.
   421 | D        | Found the amulet of the Air {Inacc Air Fly rElec RMsl}
   421 | D        | Noticed a soul eater
   422 | D        | Noticed a shadow dragon
   425 | D        | Found a transporter.
   430 | D        | Killed a soul eater
   442 | D        | Killed a shadow dragon
   443 | D        | Reached skill level 18 in Fighting
   461 | D        | Got the ring "Liul" {rN+ Str+4 Slay+4}
   470 | D        | Entered arena 13.
   470 | D        | Noticed an anaconda
   471 | D        | Found the +3 Elemental Staff {rElec rF++ rC++ AC+5}
   472 | D        | Found a transporter.
   475 | D        | Killed an anaconda
   477 | D        | Reached skill level 19 in Fighting
   481 | D        | Reached skill level 20 in Fighting
   488 | D        | Got the ring "Iramy" {Drain rN+++ rCorr EV+5 Dex+2}
   513 | D        | Entered arena 14.
   514 | D        | Noticed a sea snake
   514 | D        | Noticed a sea snake
   514 | D        | Noticed a merfolk aquamancer
   515 | D        | Noticed a merfolk impaler
   515 | D        | Noticed a merfolk aquamancer
   519 | D        | Killed a sea snake
   522 | D        | Killed a merfolk aquamancer
   523 | D        | Reached skill level 21 in Fighting
   524 | D        | Reached skill level 22 in Fighting
   525 | D        | Killed a sea snake
   537 | D        | Killed a merfolk aquamancer
   538 | D        | Reached XP level 12. HP: 37/139 MP: 11/11
   542 | D        | Reached skill level 23 in Fighting
   544 | D        | Killed a merfolk impaler
   864 | D        | Got the amulet of Roruiry {Spirit +Inv}
   869 | D        | Got the ring "Mov Xam" {Drain rElec rPois rF+ Slay+3}
   882 | D        | Entered arena 15.
   883 | D        | Noticed a stone giant
   884 | D        | Identified the ring of the Final Seers {Fly rN+ AC+4}
   885 | D        | Found a transporter.
   890 | D        | Reached skill level 24 in Fighting
   895 | D        | Killed a stone giant
   896 | D        | Reached skill level 25 in Fighting
   932 | D        | Entered arena 16.
   933 | D        | Noticed an angel
   933 | D        | Noticed an apis
   933 | D        | Noticed a daeva
   933 | D        | Noticed an apis
   949 | D        | Killed an apis
   951 | D        | Killed an angel
   952 | D        | Reached skill level 26 in Fighting
   952 | D        | Killed an apis
   956 | D        | Killed a daeva
   962 | D        | Reached skill level 27 in Fighting
   990 | D        | Found a transporter.
  1008 | D        | Got Vaumeope's Catalogue of Gathered Forms
  1011 | D        | Entered arena 17.
  1015 | D        | Noticed a shadow dragon
  1015 | D        | Noticed a shadow dragon
  1015 | D        | Noticed a ghoul
  1017 | D        | Found a transporter.
  1020 | D        | Reached skill level 1 in Invocations
  1020 | D        | Reached skill level 1 in Evocations
  1025 | D        | Killed a shadow dragon
  1026 | D        | Reached XP level 13. HP: 159/159 MP: 11/15
  1027 | D        | Killed a ghoul
  1033 | D        | Killed a shadow dragon
  1034 | D        | Reached skill level 5 in Invocations
  1063 | D        | Got the ring "Loag" {Ice rN+ Will- Int+5}
  1067 | D        | Entered arena 18.
  1070 | D        | Noticed a searing wretch
  1070 | D        | Noticed a searing wretch
  1070 | D        | Noticed a fire giant
  1070 | D        | Noticed a balrug
  1070 | D        | Noticed a Brimstone Fiend
  1070 | D        | Noticed a fire giant
  1070 | D        | Noticed a balrug
  1070 | D        | Noticed a searing wretch
  1070 | D        | Noticed a fire giant
  1071 | D        | Noticed a searing wretch
  1071 | D        | Noticed a fire giant
  1073 | D        | Noticed a searing wretch
  1074 | D        | HP: 7/159 [??? (3)]
  1077 | D        | Killed a fire giant
  1077 | D        | Killed a fire giant
  1078 | D        | Reached skill level 15 in Shields
  1078 | D        | Reached skill level 5 in Evocations
  1078 | D        | Killed a fire giant
  1081 | D        | HP: 5/159 [balrug/fireball (16)]
  1082 | D        | Killed from afar by a hell hog

Illustrated notes

Levels and vault maps discovered:
D:        sprint_v [room_start, room_1, room_2, room_3, room_4, room_5, room_6,
          room_7, room_8, room_9, room_10, room_11, room_12, room_13, room_14,
          room_15, room_16, room_17, room_18, room_19, room_20, room_21,
          room_22, room_23, room_24, room_25, room_26, room_27]

Skill      XL: |  1  2  3  4  5  6  7  8  9 10 11 12 13 |
---------------+----------------------------------------+-----
Fighting       | 5 6 9 10 11 13 14 16 22 27 | 27.0
Long Blades    | 5 6 9 10 11 13 14 17 18 | 18.0
Armour         | 5 6 9 10 11 13 14 16 18 19 | 19.2
Shields        | 3 4 8 9 10 12 13 14 15 | 15.2
Dodging        | 4 |  4.8
Invocations    | 4 6 |  6.0
Evocations     | 3 5 |  5.5
Stealth        | |  1.5

Action                     |  1- 3 |  4- 6 |  7- 9 | 10-12 | 13-15 || total
---------------------------+-------+-------+-------+-------+-------++-------
  Melee: Double sword      |    11 |     2 |    44 |   116 |    14 ||   187
         Headbutt          |     1 |     1 |     3 |    23 |     9 ||    37
 Invoke: Minor Destruction |     1 |       |       |       |       ||     1
  Evoke: Tin of tremorston |       |       |     1 |       |     1 ||     2
         Lightning rod     |       |       |     1 |       |       ||     1
         Phantom mirror    |       |       |       |       |     1 ||     1
         Condenser vane    |       |       |       |       |     1 ||     1
    Use: Potion            |     3 |       |       |     6 |     4 ||    13
         Scroll            |       |       |       |       |     1 ||     1
 Armour: Plate armour      |    11 |       |    47 |    71 |     9 ||   138
  Dodge: Dodged            |     2 |     1 |     8 |    20 |     3 ||    34
  Block: Kite shield       |    32 |     1 |    88 |   184 |    26 ||   331

Table legend: (Time is in decaauts)
 A = Elapsed time spent in this place.
 B = Non-inter-level travel time spent in this place.
 C = Inter-level travel time spent in this place.
 D = Time resting spent in this place.
 E = Time spent auto-exploring this place.
 F = Levels seen in this place.
 G = Mean time per level.
                   A        B        C        D        E       F      G
               +--------+--------+--------+--------+--------+-----+--------+
         Total |   1055 |   1055 |      0 |    327 |      0 |   1 | 1055.0 |
       Dungeon |   1055 |   1055 |      0 |    327 |      0 |   1 | 1055.0 |
               +--------+--------+--------+--------+--------+-----+--------+

Top non-repeatable levels by time:
       D: 1055 daAuts
